 Dungeon Crawl Stone Soup version 0.24-a0-486-ged8816983f (webtiles) character file.

Game seed: 96916074066936574

2 Azzok the Digger (level 1, -2/14 HPs)
             Began as a Ghoul Earth Elementalist on July 9, 2019.
             Slain by a kobold (3 damage)
             ... on level 1 of the Dungeon.
             The game lasted 00:00:18 (26 turns).

Azzok the Digger (Ghoul Earth Elementalist)           Turns: 26, Time: 00:00:19

Health: -2/14      AC:  2    Str: 11    XL:     1   Next: 30%
Magic:  0/2        EV: 12    Int: 10    God:
Gold:   0          SH:  0    Dex:  9    Spells: 2/3 levels left

rFire    . . .     SeeInvis .   (no weapon)
rCold    + . .     Gourm    .   (no shield)
rNeg     + + +     Faith    .   c - +0 robe
rPois    ∞         Spirit   .   (no helmet)
rElec    .         Reflect  .   (no cloak)
rCorr    .         Harm     .   (no gloves)
MR       .....                  (no boots)
Stlth    ++........             (no amulet)
HPRegen  0.00/turn              (no ring)
MPRegen  0.08/turn              (no ring)

@: rotting
A: rotting body, claws 1, carnivore, cold resistance 1, negative energy
resistance 3, inhibited regeneration, torment resistance, unbreathing
a: no special abilities


You were on level 1 of the Dungeon.
You were not hungry.

You visited 1 branch of the dungeon, and saw 1 of its levels.

Inventory:

Missiles
 b - 27 stones (quivered)
Armour
 c - a +0 robe (worn)
Comestibles
 d - a ration


   Skills:
 - Level 1.7 Dodging
 - Level 2.1 Stealth
 + Level 1.8 Spellcasting
   Level 0.8 Transmutations
 + Level 3.3 Earth Magic


You had 2 spell levels left.
You knew the following spells:

 Your Spells              Type           Power        Failure   Level  Hunger
a - Sandblast             Erth           #.....       8%          1    ##.....

Your spell library contained the following spells:

 Spells                   Type           Power        Failure   Level  Hunger
 Passwall                 Tmut/Erth      #.......     21%         2    ###....
 Stone Arrow              Conj/Erth      #.....       43%         3    ####...
 Petrify                  Tmut/Erth      #.......     78%         4    #####..
 Lee's Rapid Deconstruct  Erth           #.........   91%         5    ######.


Dungeon Overview and Level Annotations

Branches:
Dungeon (1/15)

Altars:


Innate Abilities, Weirdness & Mutations

Your body is rotting away.
You thrive on raw meat.
You are immune to poison.
You have sharp fingernails.
You are carnivorous and can eat meat at any time.
Your flesh is cold resistant. (rC+)
You are immune to negative energy. (rN+++)
You do not regenerate when monsters are visible.
You are immune to unholy pain and torment.
You can survive without breathing.


Message History

The blast of sand misses the kobold.
The blast of sand hits the kobold but does no damage.
b - 27 stones The kobold misses you.
You closely miss the hobgoblin.
The hobgoblin hits you with a cursed +0 club.
The kobold closely misses you.
You closely miss the hobgoblin.
The hobgoblin hits you with a cursed +0 club.
The kobold closely misses you.
You closely miss the hobgoblin. The hobgoblin barely misses you.
The kobold hits you but does no damage.
You barely miss the hobgoblin.
The hobgoblin hits you with a cursed +0 club.
* * * LOW HITPOINT WARNING * * *
The kobold hits you.
* * * LOW HITPOINT WARNING * * *
You scratch the hobgoblin but do no damage.
The hobgoblin closely misses you. The kobold hits you.
You die...

▒········▒K▒▒▒▒·· ·
▒▒≈≈≈▒'··?·($····
····▒·····▒··▒·▒▒▒▒▒·
····≈§·<··≈··▒·▒
·[··≈§·⌠··≈··▒··
····▒·····▒·K▒▒▒▒ ≈≈≈
▒▒≈§≈▒▒▒K▒ ·· ·····
▒K▒ ≈··$···▒@▒
·≈······▒g▒
·▒······▒·▒ ··· ···
····· ▒▒▒▒· ·▒


You could see a hobgoblin and 3 kobolds.

Vanquished Creatures
  A goblin (D:1)
  A bat (D:1)
2 creatures vanquished.

Notes
Turn   | Place    | Note
-------+----------+-------------------------------------------
     0 | D:1      | Azzok the Ghoul Earth Elementalist began the quest for the
                  | Orb.
     0 | D:1      | Reached XP level 1. HP: 14/14 MP: 2/2
    26 | D:1      | Slain by a kobold

Levels and vault maps discovered:
D:1:      dpeg_arrival_rooms_with_view, layout_loops_ring, kennysheep_crisscross

Action                   || total
-------------------------++-------
Melee: Unarmed           ||     5
 Cast: Sandblast         ||     3
Armor: Robe              ||     3
Dodge: Dodged            ||     7

Table legend:
 A = Non-vault XP
 B = Vault XP
 C = Vault XP percentage of total XP
 D = Non-vault monster count
 E = Vault monster count
 F = Vault count percentage of total count
                 A         B        C        D         E       F
            +---------+---------+-------+---------+---------+-------
      Total |       3 |       0 |   0.0 |       2 |       0 |   0.0
            +---------+---------+-------+---------+---------+-------
        D:1 |       3 |       0 |   0.0 |       2 |       0 |   0.0
            +---------+---------+-------+---------+---------+-------
